AoeStats
← Crash234

MegaRandom

512437617Analyzed
4v4 RM · 8d ago on Oct 9, 2026· 66m 9s· 8 players
Game mode
Random Map
Map size
Large (8 player)
Population
200
Speed
Normal
Resources
Standard
Victory
Conquest
Starting age
Dark Age
Ending age
Imperial Age
RankedLock teamsTeams togetherTeam positionsShared explorationLock speedFull tech treeHidden civsTurbo modeCheats
Victory
Defeat
🇺🇸 Portuguese · United States
874
+12
🇸🇰 Vikings · Slovakia
850
+33
🇨🇦 Franks · Canada
801
+15
🇪🇸 Chinese · Spain
781
+16
vs
🇩🇪 Britons · Germany
889
-19
🇷🇺 Tupi · Russia
753
-13
🇷🇺 Poles · Russia
741
-12
🇷🇺 Franks · Russia
739
-12
PatBateman7156
1:10 Loom
13:47 Feudal Age
14:36 Double-Bit Axe
15:57 Fishing Lines
16:13 Stone Mining
16:14 Gold Mining
16:17 Stone Mining
22:02 Castle Age
20:38 Wheelbarrow
19:49 Town Watch
23:33 Bow Saw
24:02 Gold Shaft Mining
25:06 Hand Cart
25:27 Town Patrol
25:49 Gillnets
26:47 Fervor
27:01 Scale Barding Armor
27:06 Forging
27:37 Husbandry
28:24 Murder Holes
28:10 Treadmill Crane
31:54 Imperial Age
30:29 Chain Barding Armor
30:45 Iron Casting
33:55 Plate Barding Armor
33:58 Cavalier
36:19 Blast Furnace
36:15 Paladin
44:06 Conscription
45:24 Chivalry
47:26 Chemistry
46:12 Arrowslits
47:51 Caravan
Khirs
0:48 Loom
11:35 Feudal Age
12:19 Double-Bit Axe
15:59 Horse Collar
21:24 Castle Age
20:13 Gold Mining
20:22 Stone Mining
21:08 Fletching
23:54 Stone Shaft Mining
23:46 Bodkin Arrow
24:29 Heavy Plow
25:05 Fortified Wall
26:24 Gold Shaft Mining
30:04 Ballistics
33:57 Imperial Age
34:57 Medium Warships
35:17 Conscription
35:39 Bow Saw
37:17 Chemistry
36:49 Great Wall
38:14 Wheelbarrow
37:56 Murder Holes
38:11 Bracer
37:38 Pikeman
38:14 Halberdier
40:35 Two-Man Saw
40:02 Elite Chu Ko Nu
41:17 Elite Skirmisher
42:04 Thumb Ring
43:10 Hand Cart
43:19 Padded Archer Armor
45:01 Rocketry
45:23 Leather Archer Armor
46:39 Ring Archer Armor
46:45 Scale Mail Armor
46:56 Forging
49:20 Chain Mail Armor
49:27 Masonry
51:35 Man-at-Arms
51:42 Capped Ram
53:43 Architecture
54:41 Long Swordsman
59:56 Plate Mail Armor
60:02 Iron Casting
59:45 Arrowslits
60:54 Siege Ram
midenight6
5:51 Loom
15:25 Feudal Age
20:26 Castle Age
25:54 Imperial Age
30:00 Elite Organ Gun
33:30 Arquebus
34:06 Conscription
39:43 Chemistry
49:27 Ballistics
50:38 Pikeman
51:04 Arson
51:04 Gambesons
51:34 Forging
51:25 Scale Mail Armor
51:30 Scale Barding Armor
51:26 Padded Archer Armor
51:17 Fletching
54:00 Elite Skirmisher
54:07 Halberdier
55:48 Iron Casting
55:28 Chain Mail Armor
55:34 Chain Barding Armor
55:11 Bodkin Arrow
55:33 Leather Archer Armor
55:44 Chain Barding Armor
54:49 Cavalier
55:29 Husbandry
55:40 Bloodlines
58:44 Blast Furnace
58:22 Plate Barding Armor
64:07 Crossbowman
64:52 Thumb Ring
Ema Beira Porta
0:30 Loom
10:28 Feudal Age
12:51 Double-Bit Axe
19:29 Castle Age
19:25 Stone Mining
21:31 Horse Collar
23:39 Scale Mail Armor
23:49 Forging
24:04 Heavy Plow
24:20 Bow Saw
24:29 Gold Mining
27:27 Chain Mail Armor
27:48 Iron Casting
32:37 Imperial Age
33:01 Squires
32:49 Arson
32:54 Elite Berserk
35:34 Chieftains
35:57 Conscription
37:32 Plate Mail Armor
38:03 Blast Furnace
42:26 Town Watch
42:10 Elite Varangian Guard
45:43 Capped Ram
47:45 Town Patrol
48:57 Siege Ram
Fred
11:11 Feudal Age
19:21 Castle Age
34:43 Imperial Age
33:08 Ballistics
32:44 Fletching
32:53 Double-Bit Axe
32:50 Horse Collar
33:01 Gold Mining
33:45 Bodkin Arrow
34:51 Wheelbarrow
36:06 Gold Shaft Mining
35:32 Heavy Plow
35:36 Bracer
35:57 Bow Saw
36:13 Yeomen
37:05 Padded Archer Armor
38:18 Chemistry
38:19 Hand Cart
38:07 Stone Mining
39:29 Two-Man Saw
38:50 Leather Archer Armor
39:25 Elite Longbowman
42:43 Conscription
43:35 Ring Archer Armor
43:05 Scale Mail Armor
43:16 Forging
43:34 Pikeman
44:15 Squires
46:20 Elite Skirmisher
48:14 Iron Casting
47:55 Chain Mail Armor
50:22 Halberdier
54:10 Caravan
57:09 Blast Furnace
56:40 Plate Mail Armor
l-l-server-l-l
11:56 Feudal Age
12:42 Horse Collar
14:29 Double-Bit Axe
14:36 Stone Mining
14:42 Town Watch
19:10 Wheelbarrow
19:28 Gold Mining
20:23 Forging
25:52 Castle Age
27:38 Scale Barding Armor
28:08 Iron Casting
28:35 Stone Shaft Mining
28:13 Bow Saw
28:04 Heavy Plow
28:26 Town Patrol
31:27 Imperial Age
29:26 Light Cavalry
30:16 Bloodlines
30:07 Husbandry
31:11 Hand Cart
32:49 Conscription
33:35 Crop Rotation
34:38 Blast Furnace
34:24 Winged Hussar
35:31 Chain Barding Armor
36:08 Fletching
42:54 Padded Archer Armor
42:56 Caravan
50:08 Chemistry
49:19 Siege Engineers
50:20 Lechitic Legacy
62:14 Coinage
Konata Izumi
14:13 Feudal Age
14:40 Double-Bit Axe
19:10 Castle Age
18:00 Champi Runner
19:04 Horse Collar
20:05 Fishing Lines
19:58 Champi Warrior
20:40 Squires
23:36 Bow Saw
23:51 Heavy Plow
27:34 Wheelbarrow
27:22 Gillnets
27:27 Arson
29:03 Forging
29:24 Hand Cart
29:04 Gold Mining
29:06 Stone Mining
30:38 Iron Casting
31:30 Gold Shaft Mining
33:42 Imperial Age
31:27 Scale Mail Armor
31:20 Fletching
31:30 Padded Archer Armor
33:36 Caciques
34:46 Conscription
34:26 Bodkin Arrow
35:39 Two-Man Saw
35:49 Ballistics
35:39 Bracer
35:20 Pikeman
36:31 Chain Mail Armor
36:28 Halberdier
38:28 Plate Mail Armor
41:28 Elite Champi Warrior
42:54 Leather Archer Armor
44:08 Chemistry
45:28 Treadmill Crane
46:44 Elite Blackwood Archer
51:42 Curare
Crash234
6:18 Loom
16:22 Feudal Age
22:27 Double-Bit Axe
26:13 Castle Age
31:27 Bow Saw
34:34 Wheelbarrow
38:27 Imperial Age
36:43 Forging
36:58 Caravan
37:22 Scale Barding Armor
39:10 Chain Barding Armor
38:55 Husbandry
39:49 Hand Cart
38:59 Cavalier
41:12 Iron Casting
44:14 Blast Furnace
43:49 Plate Barding Armor
44:45 Fortified Wall
45:36 Squires
48:08 Light Cavalry
52:32 Paladin
54:15 Conscription
55:12 Arson
59:42 Fletching
Connection lost

Rejoining the realm…

Still unreachable

The connection could not be restored.

Session expired

The server has moved on; the page needs a fresh start.